 Dungeon Crawl Stone Soup version 0.26-a0-597-gb535b0901c (webtiles) character file.

Game seed: 12044455230511852510

2 Lanoc the Sneak (level 1, -3/14 HPs)
             Began as a Gargoyle Delver on Aug 28, 2020.
             Slain by a worker ant (4 damage)
             ... on level 4 of the Dungeon.
             The game lasted 00:00:17 (164 turns).

Lanoc the Sneak (Gargoyle Delver)                    Turns: 164, Time: 00:00:18

Health: -3/14      AC:  5    Str: 15    XL:     1   Next: 30%
Magic:  1/1        EV: 11    Int: 10    God:
Gold:   18         SH:  0    Dex: 11    Spells: 0/0 levels left

rFire    . . .     SeeInvis .   a - +0 mace
rCold    . . .     Faith    .   (no shield)
rNeg     + . .     Spirit   .   b - +0 leather armour
rPois    ∞         Reflect  .   (no helmet)
rElec    +         Harm     .   (no cloak)
rCorr    .                      (no gloves)
MR       .....                  (no boots)
Stlth    +++.......             (no amulet)
HPRegen  0.04/turn              (no ring)
MPRegen  0.07/turn              (no ring)

@: no status effects
A: negative energy resistance 1, electricity resistance, unbreathing,
petrification resistance, rot immunity, AC +2
a: no special abilities


You were on level 4 of the Dungeon.
You visited 1 branch of the dungeon, and saw 2 of its levels.

You collected 18 gold pieces.

Inventory:

Hand Weapons
 a - a +0 mace (weapon)
Armour
 b - a +0 leather armour (worn)
Wands
 g - a wand of digging (3)
Scrolls
 c - a scroll of fog
 d - a scroll of magic mapping
 e - a scroll of fear
Potions
 f - a potion of haste
 h - a potion of curing {unknown}


   Skills:
 + Level 3.3 Fighting
 - Level 2.0 Maces & Flails
 + Level 1.6 Dodging
 - Level 5.4 Stealth


You couldn't memorise any spells.
You didn't know any spells.
Your spell library was empty.

Dungeon Overview and Level Annotations

Branches:
Dungeon (5/15)
 Temple: D:4-7

Altars:

Annotations:
D:4 Natasha
D:5 Prince Ribbit


Innate Abilities, Weirdness & Mutations

You are resistant to torment.
Your stone body is resilient. (AC +2)
You are immune to poison.
You resist negative energy. (rN+)
You are resistant to electric shocks. (rElec)
You can survive without breathing.
You are immune to petrification.
You are immune to rotting.


Message History

You hit the worker ant but do no damage.
The worker ant is heavily wounded.
The worker ant barely misses you. The leopard gecko closely misses you.
The worker ant misses you.
You hit the worker ant but do no damage.
The worker ant is heavily wounded.
The leopard gecko closely misses you. The worker ant bites you.
The leopard gecko bites you.
* * * LOW HITPOINT WARNING * * *
You are too injured to fight recklessly!
The leopard gecko barely misses you. The leopard gecko closely misses you.
The worker ant completely misses you.
Natasha, Servant of Life and Death comes into view.
The leopard gecko barely misses you.
The worker ant waves its antennae.
There is a stone staircase leading down here.
The leopard gecko misses you. The worker ant bites you.
You die...

#...........
#..........#
#..........#
##........###
##.......###
#...>.####
....#...## ###
...###la##
###.## ...
#.@.####....##
..
##..##.......#
##..#.......##
#...#..(....#
##..#.......##
##..#.......#
#..#.......##
##..#.......#
#.........†###


You could see a worker ant and a leopard gecko.

Vanquished Creatures
  A giant cockroach (D:4)
  A jackal skeleton (D:4)
2 creatures vanquished.

Notes
Turn   | Place    | Note
-------+----------+-------------------------------------------
     0 | D:5      | Lanoc the Gargoyle Delver began the quest for the Orb.
     0 | D:5      | Reached XP level 1. HP: 14/14 MP: 1/1
    20 | D:5      | Noticed Prince Ribbit
    23 | D:5      | Noticed an orc priest
   144 | D:4      | Noticed a worker ant
   158 | D:4      | Noticed Natasha
   164 | D:4      | Slain by a worker ant

Illustrated notes

Levels and vault maps discovered:
D:4:      layout_cave_pods, zin_purify, grunt_decor_one_mirror,
          trog_three_pillars_becter, uniq_eustachio, uniq_natasha, uniq_edmund
D:5:      layout_cave_pools, serial_shops, shop, uniq_prince_ribbit1,
          uniq_duvessa, uniq_pikel

Action                   || total
-------------------------++-------
Melee: Mace              ||    10
 Stab: Sleeping          ||     1
Armor: Leather armour    ||     4
Dodge: Dodged            ||    13

Table legend: (Time is in decaauts)
 A = Elapsed time spent in this place.
 B = Non-inter-level travel time spent in this place.
 C = Inter-level travel time spent in this place.
 D = Time resting spent in this place.
 E = Time spent auto-exploring this place.
 F = Levels seen in this place.
 G = Mean time per level.
                   A        B        C        D        E       F      G
               +--------+--------+--------+--------+--------+-----+--------+
         Total |    166 |    166 |      0 |      0 |    119 |   2 |   83.0 |
       Dungeon |    166 |    166 |      0 |      0 |    119 |   2 |   83.0 |
               +--------+--------+--------+--------+--------+-----+--------+

Top non-repeatable levels by time:
     D:4: 141 daAuts
     D:5: 25 daAuts
